AoeStats
← The Grand Wazoo

Arena

504015404Analyzed
1v1 RM · 1mo ago on Sep 3, 2026· 62m 16s· 2 players
Game mode
Random Map
Map size
Tiny (2 player)
Population
200
Speed
Normal
Resources
Standard
Victory
Conquest
Starting age
Dark Age
Ending age
Imperial Age
RankedLock teamsTeams togetherTeam positionsShared explorationLock speedFull tech treeHidden civsTurbo modeCheats
Victory
Defeat
🇲🇴 Chinese · Macao SAR China
633
+12
🇨🇭 Mongols · Switzerland
547
-12
The Grand Wazoo
10:52 Feudal Age
12:13 Wheelbarrow
11:29 Double-Bit Axe
11:28 Horse Collar
12:03 Man-at-Arms
12:47 Arson
18:06 Forging
18:19 Fletching
23:07 Castle Age
21:32 Scale Barding Armor
22:08 Stone Mining
24:37 Chain Barding Armor
24:28 Bodkin Arrow
25:43 Stone Shaft Mining
27:35 Iron Casting
27:13 Heavy Plow
27:24 Bow Saw
36:32 Loom
39:22 Imperial Age
38:01 Husbandry
38:13 Bloodlines
42:42 Blast Furnace
42:53 Bracer
45:42 Light Cavalry
46:46 Onager
47:34 Gold Mining
47:31 Hussar
55:08 Hoardings
54:27 Elite Skirmisher
57:10 Thumb Ring
57:08 Padded Archer Armor
59:32 Leather Archer Armor
瀟灑
0:29 Loom
16:02 Feudal Age
21:42 Castle Age
20:09 Double-Bit Axe
20:06 Horse Collar
20:19 Gold Mining
20:21 Stone Mining
21:10 Padded Archer Armor
21:01 Fletching
22:37 Wheelbarrow
23:02 Gold Shaft Mining
23:04 Stone Shaft Mining
22:37 Heavy Plow
22:55 Bow Saw
34:55 Murder Holes
35:20 Ballistics
34:59 Bodkin Arrow
35:19 Leather Archer Armor
35:56 Masonry
40:05 Imperial Age
38:46 Hand Cart
41:27 Conscription
40:41 Elite Chu Ko Nu
41:24 Bracer
42:08 Ring Archer Armor
42:57 Two-Man Saw
42:15 Town Watch
49:12 Devotion
49:20 Thumb Ring
58:26 Chemistry
57:58 Architecture
Connection lost

Rejoining the realm…

Still unreachable

The connection could not be restored.

Session expired

The server has moved on; the page needs a fresh start.